 Dungeon Crawl Stone Soup version 0.29-a0-997-gf6f7e2dfe7 (webtiles) character file.

Game seed: 510067473741793692

78 Sobieck the Chopper (level 4, 0/39 HPs)
             Began as a Naga Warper on Aug 4, 2022.
             Slain by a worm (7 damage)
             ... on level 3 of the Dungeon.
             The game lasted 00:03:47 (2133 turns).

Sobieck the Chopper (Naga Warper)                   Turns: 2133, Time: 00:03:48

Health: 0/39       AC:  3    Str: 16    XL:     4   Next: 36%
Magic:  7/7        EV:  9    Int: 13    God:
Gold:   53         SH:  0    Dex: 10    Spells: 7/7 levels left

rFire   . . .      SeeInvis +   a - +0 hand axe {axe}
rCold   . . .      Faith    .   (no shield)
rNeg    . . .      Spirit   .   b - +0 leather armour
rPois   +          Reflect  .   o - +0 helmet
rElec   .          Harm     .   (no cloak)
rCorr   .          Rampage  .   (no gloves)
Will    .....                   (no barding)
Stlth   +.........              (no amulet)
HPRegen 0.13/turn               (no ring)
MPRegen 0.10/turn               (no ring)

@: very slow
A: AC +1, large, see invisible, deformed body, poison resistance, slowness 2,
spit poison 1, naga tail 1
a: Spit Poison


You were on level 3 of the Dungeon.
You visited 1 branch of the dungeon, and saw 3 of its levels.

You collected 53 gold pieces.


Innate Abilities, Weirdness & Mutations

Your serpentine skin is tough. (AC +1)
You have supernaturally acute eyesight. (SInv)
Armour fits poorly on your strangely shaped body.
Your system is resistant to poisons. (rPois)
You cover ground very slowly.
You can spit poison.
You have a snake-like lower body.


   Skills:
 - Level 2.0 Fighting
 + Level 4.5 Axes
 - Level 0.8 Throwing
 - Level 0.7 Armour
 - Level 1.5 Dodging
 - Level 2.0 Spellcasting
 - Level 3.0 Translocations


You had 7 spell levels left.
You didn't know any spells.
Your spell library contained the following spells:

 Spells                   Type           Power      Damage    Failure   Level
 Blink                    Tloc           18%        N/A       14%         2
 Gell's Gravitas          Tloc           9%         N/A       26%         3
 Lesser Beckoning         Tloc           9%         N/A       26%         3
 Teleport Other           Tloc           9%         N/A       26%         3
 Summon Small Mammal      Summ           4%         N/A       30%         1
 Call Canine Familiar     Summ           1%         N/A       67%         3
 Summon Guardian Golem    Hex/Summ       1%         N/A       67%         3
 Manifold Assault         Tloc           9%         N/A       94%         5

Inventory:

Hand Weapons
 a - a +0 hand axe (weapon) {axe}
Missiles
 d - 6 boomerangs of dispersal (quivered) {=f!fthrowing}
 f - 24 stones {throwing}
Armour
 b - a +0 leather armour (worn)
 i - a +0 ring mail
   (You found it on level 1 of the Dungeon)
 j - a +0 leather armour
   (You found it on level 1 of the Dungeon)
 k - a +0 robe
   (You found it on level 1 of the Dungeon)
 n - a +0 robe
   (You found it on level 2 of the Dungeon)
 o - a +0 helmet (worn)
   (You found it on level 2 of the Dungeon)
 q - a +0 scale mail
   (You took it off an orc on level 3 of the Dungeon)
Scrolls
 c - 2 scrolls of blinking {!r}
 g - 2 scrolls of teleportation {@r4}
 p - a scroll of immolation {unknown}
Potions
 e - 4 potions of heal wounds {unknown}
 h - a potion of magic {unknown}
 l - a potion of lignification {unknown}
 m - a potion of attraction {unknown}

Dungeon Overview and Level Annotations

Branches:
Dungeon (3/15) Zot: 15398

Altars:
Nemelex Xobeh

.........................
..............)..........
..............###........
.......~......# #........
#...~~~~~.~..# #....####
######~#~#~~.# #....#
#~~~~~~~~~## #....#
#~######### #....#
#~~~~@~# #....# ####~#w#
###### #~รท~~#~# #~##~#~#
#~#~~#~# #~#~##~# #~#~ ~~
#~#~ ~# ####


You could see a worm.


Message History

You barely miss the adder. The adder bites you. The adder barely misses you.
Unknown command.
Aiming: Spit Poison (2% risk of failure)
Press: ? - help, Shift-Dir - straight line, f - adder
Aim: an adder (37% to hit)
The splash of poison misses the adder.
The adder bites you.
Unknown command.
You slash the adder! The adder bites you.
You hit the adder. The adder bites you but does no damage.
The adder barely misses you.
You hit the adder.
You kill the adder!
You have got your breath back.
The adder bites you but does no damage.
You have reached level 4!
You feel stronger.
You closely miss the adder. The adder closely misses you.
You barely miss the adder. The adder barely misses you.
The adder bites you but does no damage.
You hit the adder. The adder bites you.
You hit the adder. The adder bites you.
You closely miss the adder. The adder bites you.
You are poisoned.
The adder poisons you! The adder bites you.
You closely miss the adder.
You feel sick. The adder bites you.
You hit the adder.
You kill the adder!
You feel sick.
You hear the brisk rusting of a drain.
You feel sick.
You see here an adder corpse.
You start resting.
You feel sick. x2
You are no longer poisoned.
Unknown command.
You start resting.
You hear the brisk rusting of a drain.
You start resting.
You hear the brisk rusting of a drain.
You hear the quick rusting of a drain.
You see here an adder corpse.
A river rat and a worm come into view.
Danger!
You closely miss the river rat. The river rat closely misses you.
You hit the river rat. The river rat closely misses you.
You hit the river rat but do no damage.
You hear the quick rusting of a drain.
The river rat bites you!
You closely miss the river rat. The river rat bites you!
You are too injured to fight recklessly!
Unknown command.
You closely miss the river rat. The river rat barely misses you.
The river rat bites you but does no damage.
You closely miss the river rat. The river rat bites you.
You closely miss the river rat. The river rat bites you.
You barely miss the river rat. The river rat closely misses you.
Unknown command.
You closely miss the river rat. The river rat barely misses you.
You hit the river rat. The river rat bites you.
* * * LOW HITPOINT WARNING * * *
Unknown command.
You closely miss the river rat. The river rat bites you.
* * * LOW HITPOINT WARNING * * *
Unknown command.
You hit the river rat but do no damage. The river rat misses you.
You aren't carrying any items that you can evoke.
Unknown command.
Unknown command.
Really fire
d - 7 boomerangs of dispersal {=f!fthrowing}? [Y]es or [N]o only, please.
Really fire
d - 7 boomerangs of dispersal {=f!fthrowing}?
Unknown command.
Unknown command.
Throw: 7 boomerangs (disperse) {=f!fthrowing}
Press: ? - help, Q - select action, (/) - cycle Shift-Dir - straight line, f - river rat
Aim: a river rat (almost dead, 52% to hit)
You throw a boomerang of dispersal {=f!fthrowing}.
The boomerang of dispersal {=f!fthrowing} hits the river rat.
The river rat blinks!
You kill the river rat!
Unknown command.
Unknown command.
Unknown command.
Aiming: Spit Poison (1% risk of failure)
Press: ? - help, Shift-Dir - straight line, f - worm
Aim: a worm (translocational energy, 86% to hit)
The splash of poison hits the worm!
Unknown command.
You barely miss the worm. You hit the worm. The worm bites you.
* * * LOW HITPOINT WARNING * * *
Unknown command.
You hit the worm.
You have got your breath back.
The worm barely misses you.
You hit the worm but do no damage. You hit the worm. The worm bites you.
* * * LOW HITPOINT WARNING * * *
You barely miss the worm. You hit the worm. The worm bites you!
You die...

Skill      XL: |  1  2  3 |
---------------+----------+-----
Axes           | 3 4 |  4.5
Fighting       | |  2.0
Throwing       | |  0.8
Armour         | |  0.7
Dodging        | |  1.5
Spellcasting   | |  2.0
Translocations | |  3.0

Action                   |  1- 3 |  4- 6 || total
-------------------------+-------+-------++-------
Melee: Hand axe          |    60 |    26 ||    86
Throw: Boomerang         |       |     1 ||     1
 Abil: Spit Poison       |    33 |     1 ||    34
  Use: Scroll            |     1 |       ||     1
Armor: Leather armour    |    10 |     2 ||    12
Dodge: Dodged            |    22 |     9 ||    31

Levels and vault maps discovered:
D:1:      dpeg_arrival_shelter, layout_rooms
D:2:      layout_basic
D:3:      layout_basic, pdpol_wu_jian_five_deadly_venoms, nemelex_altar_shiori,
          shapermc_ecumenical_altar_petra, lightli_sewer_entry_pipes,
          nrook_campfire, serial_bayou_pond_b

Notes
Turn   | Place    | Note
-------+----------+-------------------------------------------
     0 | D:1      | Sobieck the Naga Warper began the quest for the Orb.
     0 | D:1      | Reached XP level 1. HP: 19/19 MP: 3/3
   187 | D:1      | You pick up a book of Callings and begin reading...
   187 | D:1      | You add the spells Summon Small Mammal, Call Canine
                  | Familiar and Summon Guardian Golem to your library.
   275 | D:1      | Reached XP level 2. HP: 26/26 MP: 5/5
   505 | D:1      | Reached skill level 3 in Axes
   754 | D:2      | Reached XP level 3. HP: 29/32 MP: 6/6
  1659 | D:3      | Found a sparkling altar of Nemelex Xobeh.
  1695 | D:3      | HP: 8/32 [orc/+0 flail (8)]
  1698 | D:3      | Reached skill level 4 in Axes
  1911 | D:3      | Reached XP level 4. HP: 32/39 MP: 7/7
  2131 | D:3      | HP: 7/39 [worm (4)]
  2133 | D:3      | Slain by a worm

Vanquished Creatures
  3 adders
  A river rat (D:3)
  A dart slug (D:1)
  An orc (D:3)
  2 endoplasms
  3 giant cockroaches
  8 goblins
  2 hobgoblins (D:1)
  3 quokkas
  3 bats
  4 frilled lizards
  5 kobolds
  4 rats
40 creatures vanquished.

Vanquished Creatures (others)
  A plant (D:3)
1 creature vanquished.

Grand Total: 41 creatures vanquished

Table legend:
 A = Non-vault XP
 B = Vault XP
 C = Vault XP percentage of total XP
 D = Non-vault monster count
 E = Vault monster count
 F = Vault count percentage of total count
                 A         B        C        D         E       F
            +---------+---------+-------+---------+---------+-------
      Total |      71 |      41 |  36.6 |      36 |       4 |  10.0
            +---------+---------+-------+---------+---------+-------
        D:1 |      25 |       0 |   0.0 |      16 |       0 |   0.0
        D:2 |      36 |       0 |   0.0 |      15 |       0 |   0.0
        D:3 |      10 |      41 |  80.4 |       5 |       4 |  44.4
            +---------+---------+-------+---------+---------+-------

Illustrated notes

Table legend:
 A = Kills in this place as a percentage of kills in entire the game.
 B = Kills by you in this place as a percentage of kills by you in the entire game.
 C = Kills by friends in this place as a percentage of kills by friends in the entire game.
 D = Other kills in this place as a percentage of other kills in the entire game.
 E = Experience gained in this place as a percentage of experience gained in the entire game.
 F = Experience gained in this place divided by the number of levels of this place that you have seen.
                   A       B       C       D       E      F
               +-------+-------+-------+-------+-------+----------------------
         Total | 100.0 | 100.0 |   N/A |   N/A | 100.0 |  37.3
       Dungeon | 100.0 | 100.0 |   N/A |   N/A | 100.0 |  37.3
               +-------+-------+-------+-------+-------+----------------------

Table legend: (Time is in decaauts)
 A = Elapsed time spent in this place.
 B = Non-inter-level travel time spent in this place.
 C = Inter-level travel time spent in this place.
 D = Time resting spent in this place.
 E = Time spent auto-exploring this place.
 F = Levels seen in this place.
 G = Mean time per level.
                   A        B        C        D        E       F      G
               +--------+--------+--------+--------+--------+-----+--------+
         Total |   2600 |   2423 |    177 |    580 |   1525 |   3 |  866.7 |
       Dungeon |   2600 |   2423 |    177 |    580 |   1525 |   3 |  866.7 |
               +--------+--------+--------+--------+--------+-----+--------+

Top non-repeatable levels by time:
     D:2: 1186 daAuts
     D:1: 888 daAuts
     D:3: 526 daAuts
